 Dungeon Crawl Stone Soup version 0.30.1-3-gfc49f6343a (webtiles) character file.

Game seed: 11471307663441401312

153758 growler the Eclecticist (level 17, -4/114 HPs)
             Began as a Deep Elf Conjurer on July 26, 2023.
             Was the Champion of Vehumet.
             Slain by Aizul (14 damage)
             ... on level 3 of the Spider Nest on July 29, 2023.
             The game lasted 02:29:03 (38563 turns).

growler the Eclecticist (Deep Elf Conjurer)        Turns: 38563, Time: 02:29:05

Health: -4/114     AC: 12    Str:  4    XL:     17   Next: 5%
Magic:  13/42      EV: 21    Int: 35    God:    Vehumet [******]
Gold:   2113       SH:  0    Dex: 22    Spells: 22/54 levels left

rFire   + . .        h - staff of fire
rCold   x . .        (no shield)
rNeg    + + .        n - +2 robe {Will+}
rPois   .            M - +2 helmet {Int+3}
rElec   .            J - +0 cloak
rCorr   .            C - +0 pair of gloves
SInv    +            Y - +2 pair of boots {Fly}
Will    ++...        f - amulet of regeneration
Stlth   ++++         u - +5 ring of evasion
HPRegen 1.19/turn    c - ring "Ohiyxuni" {rC- rN++ Dex+9 SInv}
MPRegen 0.28/turn

%: no passive effects
@: lethally poisoned (-4 -> -9), flying, slowed, very slow
A: no striking features
a: Renounce Religion


You were on level 3 of the Spider Nest.
You worshipped Vehumet.
Vehumet was exalted by your worship.
You visited 5 branches of the dungeon, and saw 26 of its levels.
You also visited: Bailey.

You collected 2762 gold pieces.
You spent 649 gold pieces at shops.

Inventory:

Hand Weapons
 l - a +5 dagger of freezing
Missiles
 B - 3 throwing nets
Armour
 n - a +2 robe of willpower (worn)
 C - a +0 pair of gloves (worn)
 D - the +1 pair of boots "Quciddow" {Str+2 Int+3}
   (You found it on level 6 of the Dungeon)

   Str:       It affects your strength (+2).
   Int:       It affects your intelligence (+3).
 J - a +0 cloak (worn)
 M - a +2 helmet of intelligence (worn)
 Y - a +2 pair of boots of flying (worn)
Magical Staves
 h - a staff of fire (weapon)
Jewellery
 c - the ring "Ohiyxuni" (right hand) {rC- rN++ Dex+9 SInv}
   (You found it in a bailey)

   [ring of see invisible]

   Dex:       It affects your dexterity (+9).
   rC:        It makes you vulnerable to cold.
   rN:        It greatly protects you from negative energy.
   SInv:      It lets you see invisible.
 f - an amulet of regeneration (around neck)
 o - a ring of poison resistance
 u - a +5 ring of evasion (left hand)
 v - a +6 ring of intelligence
 x - a ring of resist corrosion
 A - a ring of protection from fire
 G - a +4 ring of protection
 T - a ring of protection from cold
 V - a ring of flight
Wands
 a - a wand of light (10)
 r - a wand of flame (70)
 I - a wand of mindburst (13)
 K - a wand of charming (22)
 L - a wand of digging (12)
 Q - a wand of roots (24)
 U - a wand of polymorph (21)
Scrolls
 d - a scroll of torment
 e - 10 scrolls of teleportation
 i - 5 scrolls of fear
 m - 3 scrolls of vulnerability
 p - 3 scrolls of amnesia
 q - 7 scrolls of magic mapping
 y - 6 scrolls of enchant weapon
 z - 3 scrolls of immolation
 E - 3 scrolls of fog
 H - a scroll of blinking
 O - a scroll of silence
 S - 6 scrolls of identify
 W - 4 scrolls of butterflies
Potions
 b - 2 potions of magic
 g - 8 potions of attraction
 j - 2 potions of lignification
 k - 11 potions of heal wounds
 s - 5 potions of mutation
 t - 3 potions of haste
 w - 7 potions of curing
 F - 2 potions of flight
 N - a potion of brilliance {unknown}
 P - 4 potions of resistance
 R - 3 potions of might
 X - 2 potions of cancellation
 Z - 2 potions of ambrosia


   Skills:
 + Level 15.7 Fighting
 - Level 6.0 Dodging
 - Level 6.0 Stealth
 + Level 19.1 Spellcasting
 + Level 12.9 Conjurations
 - Level 18.0 Fire Magic


You had 22 spell levels left.
You knew the following spells:

 Your Spells              Type           Power      Damage    Failure   Level
a - Magic Dart            Conj           100%       1d8       0%          1
b - Searing Ray           Conj           100%       2d8       0%          2
c - Dazzling Flash        Conj/Hex       100%       N/A       1%          3
d - Fulminant Prism       Conj/Hex       34%        3d16      1%          4
e - Iskenderun's Mystic   Conj/Tloc      68%        2d14      1%          4
f - Sticky Flame          Conj/Fire      100%       2d11      0%          4
g - Ignition              Fire           63%        3d17      1%          8
h - Iron Shot             Conj/Erth      34%        9d7       3%          6

Your spell library contained the following spells:

 Spells                   Type           Power      Damage    Failure   Level
 Freezing Cloud           Conj/Ice/Air   29%        6-21      1%          5
 Beastly Appendage        Tmut           66%        N/A       1%          1
 Sting                    Tmut/Pois      100%       1d8       1%          1
 Poisonous Vapours        Pois/Air       66%        N/A       1%          2
 Wereblood                Tmut           33%        N/A       1%          2
 Ignite Poison            Fire/Tmut/Pois 85%        N/A       1%          3
 Olgreb's Toxic Radiance  Pois           33%        N/A       2%          4
 Spider Form              Tmut/Pois      33%        N/A       3%          3
 Conjure Ball Lightning   Conj/Air       34%        3x3d11    3%          6
 Animate Armour           Summ/Erth      66%        N/A       10%         4
 Summon Ice Beast         Ice/Summ       33%        N/A       10%         4
 Blade Hands              Tmut           16%        N/A       26%         5
 Summon Mana Viper        Hex/Summ       33%        N/A       26%         5
 Monstrous Menagerie      Summ           16%        N/A       100%        7
 Discord                  Hex            16%        N/A       100%        8
 Disjunction              Tloc           16%        N/A       100%        8


Dungeon Overview and Level Annotations

Branches:
Dungeon (15/15)            Temple (1/1) D:7            Lair (5/5) D:9
 Shoals (0/4) Lair:2       Spider (3/4) Lair:3        Slime (0/5) Lair:5
    Orc (2/2) D:10            Elf (0/3) Orc:2        Vaults (0/5) D:13
 Depths (0/4) D:15         Bailey (visited)

Altars:
Ashenzari
Cheibriados
Dithmenos
Elyvilon
Fedhas
Gozag
Hepliaklqana
Kikubaaqudgha
Makhleb
Nemelex Xobeh
Okawaru
Qazlal
Ru
Sif Muna
Trog
Uskayaw
Vehumet
Wu Jian
Xom
Yredelemnul
Zin
The Shining One
Jiyva

Shops:
D:7 *   D:9 (   Orc:2 (([*=

Annotations:
Spider:1 3 runed translucent doors, cheesebisquit's ghost, journeyman TrFi; spardeous's ghost, journeyman DgEE
Spider:3 Aizul


Message History

Casting: Iron Shot (dangerous; 3% risk of failure)
Confirm with . or Enter, or press ? or * to list all spells.
Aiming: Iron Shot (dangerous; 3% risk of failure)
Press: ? - help, Shift-Dir - straight line, f/p - Aizul
Aim: Aizul (moderately wounded, 48% to hit)
The iron shot misses Aizul.
You feel very sick. Aizul casts a spell at you. The bolt of poison hits you!!!
You are more poisoned.
Casting: Iron Shot (dangerous; 3% risk of failure)
Confirm with . or Enter, or press ? or * to list all spells.
Aiming: Iron Shot (dangerous; 3% risk of failure)
Press: ? - help, Shift-Dir - straight line, f/p - Aizul
Aim: Aizul (moderately wounded, 48% to hit)
The iron shot hits Aizul!!!
Aizul is severely wounded.
You feel extremely sick.
Being near the torpor snail leaves you feeling lethargic.
Casting: Iron Shot (dangerous; 3% risk of failure)
Confirm with . or Enter, or press ? or * to list all spells.
Aiming: Iron Shot (dangerous; 3% risk of failure)
Press: ? - help, Shift-Dir - straight line, f/p - Aizul
Aim: Aizul (severely wounded, 48% to hit)
The iron shot hits Aizul!!
Aizul is almost dead.
You feel extremely sick.
Aizul coils herself and waves her upper body at you.
You fall asleep.
Aizul hits you!
You wake up.
* * * LOW HITPOINT WARNING * * *
Casting: Iron Shot (dangerous; 3% risk of failure)
Confirm with . or Enter, or press ? or * to list all spells.
Aiming: Iron Shot (dangerous; 3% risk of failure)
Press: ? - help, Shift-Dir - straight line, f/p - Aizul
Aim: Aizul (almost dead, 48% to hit)
The iron shot misses Aizul.
You feel very sick. Aizul hits you!
You die...

##.....#..#.......
##..##...#....^...^ #
#.........^....#...
##..##.......^#....##[^
#^.#.........#.........
.#.............####.^...
......###......^# ##^##.
...#..S.......^.# ######
.......@.....###†.....##
#.#......#.#...##†......
.....#...$..........#..^
...##......#..^#........
.> #.....^.......#.#...
. #..#<.......#...# #.^.
^....^..w.w...###..#
#... .##.......#.#..#
### ##..
...............# ##..


You could see Aizul and 2 torpor snails.

Vanquished Creatures
  Kirke (D:15)
  A frost giant (D:15)
  2 ghost moths
  An emperor scorpion (Spider:1)
  2 orc warlords
  A broodmother (Spider:3)
  Nessos (D:13)
  A green death (Spider:3)
  6 entropy weavers
  A yaktaur captain (D:13)
  A hydra (Lair:3)
  3 centaur warriors
  An ogre mage (D:14)
  5 catoblepae
  A jorogumo (Spider:1)
  Erolcha (D:13)
  A radroach (Spider:2)
  6 boulder beetles
  Erica (Lair:2)
  8 two-headed ogres
  5 tengu warriors
  12 death yaks
  5 orc high priests
  3 skysharks
  Sonja (Lair:4)
  2 pharaoh ants (Spider:3)
  A sun moth (Spider:1)
  3 skeletal warriors (D:14)
  A swamp dragon (shapeshifter) (D:13)
  10 orb spiders
  A wizard (D:15)
  9 orc knights
  6 steelbarb worms
  A salamander (shapeshifter) (D:10)
  3 deep elf pyromancers (D:13)
  A steelbarb worm (shapeshifter) (D:13)
  8 ugly things
  12 wolf spiders
  An oklob plant (Lair:5)
  8 orc sorcerers
  5 manticores
  5 moths of wrath
  10 cyclopes
  20 elephants
  5 black mambas
  2 torpor snails
  Joseph (D:7)
  8 cane toads
  2 gargoyles
  8 demonic crawlers
  5 rime drakes
  3 kobold demonologists
  A rime drake (shapeshifter) (D:13)
  9 komodo dragons
  6 yaktaurs
  2 efreet
  A tengu conjurer (D:13)
  6 meliai
  7 trolls
  17 tarantellas
  A hornet (D:11)
  A tarantella (shapeshifter) (D:13)
  4 polar bears
  21 blink frogs
  15 dream sheep
  18 jumping spiders
  A water elemental (D:15)
  Sigmund (D:3)
  5 culicivoras
  5 wraiths
  A human (D:9)
  7 basilisks
  44 yaks
  2 wyverns
  8 hogs
  A fire elemental (D:15)
  32 redbacks
  2 vampire mosquitoes (D:13)
  4 wargs
  5 acid dragons
  13 water moccasins
  43 orc warriors
  A sky beast (D:8)
  Pargi (D:4)
  8 ogres
  6 wolves (Lair:3)
  2 centaurs
  Blork the orc (D:6)
  6 kobold brigands
  12 bullfrogs
  2 gnoll sergeants
  7 scorpions
  5 wights (D:8)
  14 killer bees
  3 howler monkeys (D:9)
  2 electric eels (Lair:1)
  A howler monkey (shapeshifter) (D:14)
  42 orc priests
  4 hounds
  A gnoll bouda (Orc:2)
  2 jellies
  Crazy Yiuf (D:3)
  Ijyb (D:3)
  4 iguanas
  2 sleepcaps (D:5)
  29 orc wizards
  21 gnolls
  6 adders
  A white imp (D:5)
  An ufetubus (D:5)
  6 worms
  3 dart slugs
  88 orcs
  4 ball pythons
  5 bats
  9 endoplasms
  9 giant cockroaches
  15 goblins
  16 hobgoblins
  6 jackals
  35 kobolds
  4 quokkas
  6 frilled lizards
  7 rats
894 creatures vanquished.

Vanquished Creatures (others)
  42 fulminant prisms
42 creatures vanquished.

Grand Total: 936 creatures vanquished

Notes
Turn   | Place    | Note
-------+----------+-------------------------------------------
     0 | D:1      | growler the Deep Elf Conjurer began the quest for the Orb.
     0 | D:1      | Reached XP level 1. HP: 10/10 MP: 6/6
   213 | D:1      | Reached skill level 4 in Spellcasting
   213 | D:1      | Reached XP level 2. HP: 8/15 MP: 0/9
   801 | D:1      | Reached XP level 3. HP: 19/19 MP: 9/11
   804 | D:1      | Learned a level 2 spell: Searing Ray
   808 | D:1      | Learned a level 3 spell: Dazzling Flash
   904 | D:1      | Reached skill level 5 in Spellcasting
  1590 | D:2      | Reached skill level 6 in Spellcasting
  1590 | D:2      | Reached XP level 4. HP: 24/24 MP: 10/14
  1867 | D:2      | You fall into a shaft and drop 1 floor!
  1871 | D:3      | Found a faded altar of an unknown god.
  1904 | D:3      | Found a sacrificial altar of Ru.
  2069 | D:3      | Found a runed translucent door.
  2070 | D:3      | Noticed Crazy Yiuf
  2174 | D:3      | Noticed Sigmund
  2751 | D:3      | Reached skill level 7 in Spellcasting
  2751 | D:3      | Reached XP level 5. HP: 28/28 MP: 8/16
  2756 | D:3      | Learned a level 4 spell: Fulminant Prism
  2762 | D:3      | Learned a level 4 spell: Iskenderun's Mystic Blast
  2814 | D:3      | Noticed Ijyb
  2824 | D:3      | Killed Ijyb
  3262 | D:4      | Noticed Pargi
  3268 | D:4      | Killed Pargi
  3269 | D:4      | Reached skill level 8 in Spellcasting
  3269 | D:4      | Reached XP level 6. HP: 32/32 MP: 9/19
  3837 | D:4      | Reached skill level 9 in Spellcasting
  3984 | D:5      | Entered Level 5 of the Dungeon
  4280 | D:5      | Reached skill level 10 in Spellcasting
  4280 | D:5      | Reached XP level 7. HP: 36/36 MP: 9/22
  4693 | D:5      | Reached skill level 11 in Spellcasting
  5057 | D:5      | Found a blossoming altar of Fedhas.
  5060 | D:5      | Found a shadowy altar of Dithmenos.
  5158 | D:5      | Found a snail-covered altar of Cheibriados.
  5598 | D:6      | Identified the +1 pair of boots "Quciddow" {Str+2 Int+3}
  5731 | D:6      | Reached skill level 12 in Spellcasting
  5823 | D:6      | Noticed Blork the orc
  5832 | D:6      | Killed Blork the orc
  5833 | D:6      | Reached XP level 8. HP: 36/42 MP: 16/26
  5898 | D:6      | Reached skill level 1 in Fighting
  5913 | D:6      | Reached skill level 5 in Conjurations
  6210 | D:6      | Found a bloodstained altar of Trog.
  6451 | D:6      | Noticed an air elemental
  6453 | D:6      | Found a stormy altar of Qazlal.
  6459 | D:6      | Learned a level 4 spell: Sticky Flame
  6646 | D:7      | Found Xugud's Lightly-Used Armoury.
  6718 | D:7      | Reached skill level 1 in Fire Magic
  7175 | D:7      | Noticed Joseph
  7180 | D:7      | Killed Joseph
  7181 | D:7      | Reached skill level 13 in Spellcasting
  7181 | D:7      | Reached XP level 9. HP: 38/51 MP: 12/28
  7377 | D:7      | Found a staircase to the Ecumenical Temple.
  7385 | Temple   | Entered the Ecumenical Temple
  7454 | Temple   | Became a worshipper of Vehumet
  8377 | D:8      | Identified the +8 dagger "Kuyqao" {speed, rC+ rCorr}
  9199 | D:8      | Reached skill level 5 in Fire Magic
  9766 | D:3      | Found a sacrificial altar of Ru.
  9836 | D:3      | Killed Sigmund
  9922 | D:3      | Found a runed translucent door.
  9948 | D:3      | Found a faded altar of an unknown god.
 10244 | D:3      | Killed Crazy Yiuf
 10366 | D:9      | Found Niwer's Weapon Boutique.
 10371 | D:9      | Noticed a troll
 10381 | D:9      | Killed a troll
 10382 | D:9      | Reached skill level 14 in Spellcasting
 10485 | D:9      | Reached * piety under Vehumet
 10485 | D:9      | Offered knowledge of Sandblast by Vehumet.
 10486 | D:9      | Reached XP level 10. HP: 52/58 MP: 17/30
 10499 | D:9      | Reached skill level 5 in Fighting
 10810 | D:9      | Found a staircase to the Lair.
 10824 | D:9      | Found a flagged portal.
 10833 | Bailey   | Entered a bailey
 10838 | Bailey   | Noticed an orc warlord
 10851 | Bailey   | Identified a scroll of acquirement
 10853 | Bailey   | Acquired a staff of fire
 11196 | Bailey   | Found a runed translucent gate.
 11196 | Bailey   | Found a runed translucent gate.
 11196 | Bailey   | Found a runed translucent gate.
 11211 | Bailey   | Noticed an orc knight
 11221 | Bailey   | Killed an orc knight
 11221 | Bailey   | Reached ** piety under Vehumet
 11221 | Bailey   | Offered knowledge of Shock by Vehumet.
 11448 | Bailey   | Killed an orc warlord
 11449 | Bailey   | Reached skill level 15 in Spellcasting
 11543 | Bailey   | Identified the ring "Ohiyxuni" {rC- rN++ Dex+9 SInv}
 11556 | Bailey   | Identified the staff of air "Guschauly" {rElec Will- Int+4
                  | SInv}
 11673 | D:9      | Found a shimmering blue altar of Sif Muna.
 12198 | D:9      | Reached XP level 11. HP: 67/67 MP: 16/32
 12484 | D:9      | Found a glowing golden altar of the Shining One.
 12486 | D:9      | Reached XP level 12. HP: 72/72 MP: 33/33
 12496 | D:9      | Learned a level 8 spell: Ignition
 12506 | D:10     | Entered Level 10 of the Dungeon
 12747 | D:10     | Offered knowledge of Stone Arrow by Vehumet.
 12807 | D:10     | Found a staircase to the Orcish Mines.
 12974 | D:10     | Found an ancient bone altar of Kikubaaqudgha.
 12989 | D:10     | Found an opulent altar of Gozag.
 13055 | D:10     | Found a broken altar of Ashenzari.
 13112 | D:10     | Found an iron altar of Okawaru.
 13508 | D:11     | Reached *** piety under Vehumet
 14203 | D:11     | Noticed a boulder beetle
 14232 | D:11     | Noticed a two-headed ogre
 14448 | D:11     | Killed a boulder beetle
 14630 | D:11     | Killed a two-headed ogre
 15179 | D:11     | Offered knowledge of Hailstorm by Vehumet.
 15339 | Lair:1   | Entered Level 1 of the Lair of Beasts
 16627 | Lair:2   | Reached skill level 15 in Fire Magic
 16711 | Lair:2   | Reached XP level 13. HP: 72/82 MP: 21/34
 16713 | Lair:2   | Reached skill level 10 in Fighting
 16853 | Lair:2   | Reached **** piety under Vehumet
 17087 | Lair:2   | Offered knowledge of Iskenderun's Battlesphere by Vehumet.
 17152 | Lair:2   | Noticed Erica
 17172 | Lair:2   | Killed Erica
 17381 | Lair:2   | Found a staircase to the Shoals.
 18170 | Lair:3   | Found a hole to the Spider Nest.
 18365 | Lair:3   | Identified the +0 robe of the Ecumenical Temple {Str+3}
 19355 | Lair:4   | Noticed Sonja
 19358 | Lair:4   | Killed Sonja
 19415 | Lair:4   | Identified the amulet of Byse {Faith Contam Drain rC++
                  | Str+6}
 19515 | Lair:4   | Reached ***** piety under Vehumet
 19518 | Lair:4   | Offered knowledge of Flame Wave by Vehumet.
 20038 | Lair:5   | Entered Level 5 of the Lair of Beasts
 20044 | Lair:5   | Reached XP level 14. HP: 78/92 MP: 30/35
 21236 | Lair:5   | Found a viscous altar of Jiyva.
 21236 | Lair:5   | Found a staircase to the Slime Pits.
 22410 | Lair:5   | Reached skill level 5 in Stealth
 22803 | Orc:1    | Entered Level 1 of the Orcish Mines
 22827 | Orc:1    | Reached skill level 5 in Dodging
 23249 | Orc:1    | Offered knowledge of Ozocubu's Refrigeration by Vehumet.
 23917 | Orc:1    | Reached XP level 15. HP: 88/99 MP: 16/36
 23941 | Orc:1    | Learned a level 6 spell: Iron Shot
 24640 | Orc:2    | Entered Level 2 of the Orcish Mines
 24645 | Orc:2    | Found a staircase to the Elven Halls.
 24904 | Orc:2    | Found a bloodstained altar of Trog.
 24959 | Orc:2    | Offered knowledge of Arcjolt by Vehumet.
 26438 | Orc:2    | Found Simar's Weapon Shop.
 26642 | Orc:2    | Found Hiuchic's Antique Armour Boutique.
 26762 | Orc:2    | Found Ruhu Jen's Antique Weapon Boutique.
 26765 | Orc:2    | Found Pegg's General Store.
 26765 | Orc:2    | Found Jocrasch's Jewellery Shop.
 26792 | Orc:2    | Bought a silken robe for 159 gold pieces
 26792 | Orc:2    | Identified the +0 robe of the Hills {rPois Will- rCorr}
                  | (You bought it in a shop on level 2 of the Orcish Mines)
 26792 | Orc:2    | Bought a glowing helmet for 210 gold pieces
 27774 | D:13     | Noticed Nessos
 27944 | D:13     | Found a gate to the Vaults.
 28019 | D:13     | Noticed Erolcha
 28029 | D:13     | Reached skill level 16 in Spellcasting
 28373 | D:13     | Killed Erolcha
 28436 | D:13     | Killed Nessos
 29610 | D:14     | Offered knowledge of Fireball by Vehumet.
 29756 | D:14     | Reached skill level 10 in Conjurations
 29757 | D:14     | Reached ****** piety under Vehumet
 30346 | D:15     | Entered Level 15 of the Dungeon
 30373 | D:15     | Noticed Kirke
 30375 | D:15     | Reached skill level 17 in Spellcasting
 30375 | D:15     | Killed Kirke
 30377 | D:15     | Reached XP level 16. HP: 77/107 MP: 24/39
 32057 | D:15     | Found a staircase to the Depths.
 32317 | Orc:2    | Bought a ring of poison resistance for 280 gold pieces
 32466 | Spider:1 | Entered Level 1 of the Spider Nest
 33274 | Spider:1 | Offered knowledge of Eringya's Noxious Bog by Vehumet.
 33663 | Spider:1 | Found a runed translucent gate.
 33663 | Spider:1 | Found a runed translucent gate.
 33664 | Spider:1 | Found a runed translucent gate.
 33675 | Spider:1 | Reached skill level 15 in Fighting
 33771 | Spider:1 | Noticed cheesebisquit's ghost (journeyman TrFi)
 33772 | Spider:1 | Noticed spardeous's ghost (journeyman DgEE)
 34163 | Spider:1 | Reached skill level 18 in Spellcasting
 37098 | Spider:3 | Offered knowledge of Freezing Cloud by Vehumet.
 37831 | Spider:3 | Reached skill level 19 in Spellcasting
 38023 | Spider:3 | Reached XP level 17. HP: 113/113 MP: 7/42
 38193 | Spider:3 | Noticed Aizul
 38563 | Spider:3 | Slain by Aizul

Illustrated notes

Levels and vault maps discovered:
D:1:      scummos_arrival_forest, layout_loops_ring
D:2:      minmay_kobold_bridge, layout_loops_ring, kennysheep_pointless_box
D:3:      layout_loops_ring, mainiacjoe_overflow_paths,
          shapermc_ecumenical_altar_starsandcircs, uniq_crazy_yiuf_cottage,
          uniq_ijyb, uniq_sigmund
D:4:      layout_basic, kennysheep_generic_room_9, uniq_pargi
D:5:      layout_basic, cheibrodos_worm_habitat, nicolae_overflow_squiral,
          hex_medium, corexii_hall_statues_s, lexackson_kobold_supper
D:6:      layout_rooms, trog_hazing_becter, nicolae_qazlal_style_of_elements,
          portal_sewer_entry_b, uniq_blork_the_orc
D:7:      layout_basic, minmay_temple_entry_mist, minmay_shop_damaged,
          uniq_joseph
D:8:      layout_basic, eino_tiny_chamber
D:9:      layout_cave_pools, tgw_sif, general_overflow_altar, lair_entry_dummy,
          enter_bailey_3, nicolae_stop_n_shop_2, minmay_misc_feat_nine_boxes,
          grunt_livestock, minmay_puff
D:10:     nicolae_cairo_tiling_large_dashed, layout_long_grid,
          kennysheep_little_box, mainiacjoe_overflow_catwalk,
          nicolae_ashenzari_skybound, mainiacjoe_overflow_tiny_flanked
D:11:     minmay_s_stair_smasher, layout_long_grid, serial_rivers,
          chequers_serial_rivers_marsh, chequers_serial_rivers_room_b,
          chequers_serial_rivers_small_b, chequers_serial_rivers_large_a,
          chequers_serial_rivers_micro_c, chequers_serial_rivers_room_b,
          chequers_serial_rivers_small_b, chequers_jeans
D:12:     layout_roguey
D:13:     minmay_four_partial_circles, layout_rooms, david_vaults_2,
          uniq_nessos, uniq_erolcha
D:14:     layout_roguey
D:15:     grunt_enter_depths_snipers, layout_loops_ring,
          nicolae_kite_square_tiling_tiny, uniq_kirke
Temple:   cyrus_temple_forest
Lair:1:   layout_regular_city, serial_bayou_ford_a, grunt_megastairs_1
Lair:2:   layout_gridlike, elwin_shoals_entry_rooms, uniq_erica
Lair:3:   nzn_motion_control, layout_cave_shapes,
          nicolae_spider_entry_non_spiders
Lair:4:   layout_loops_ring, uniq_sonja
Lair:5:   evilmike_catoblepas_cave, layout_hall_layers, dpeg_slime_entry_corner,
          minivault_24, infiniplex_staircase_pool
Spider:1: layout_spider_delve, gammafunk_ghost_cemetery, nicolae_spider_orb_run
Spider:2: layout_spider_delve, nicolae_spider_jagged_tunnels
Spider:3: layout_spider_delve, gammafunk_ghost_cemetery,
          nicolae_spider_not_touching_you, uniq_aizul
Orc:1:    layout_caves, minmay_orc_temple_c
Orc:2:    st_orc_congregation, layout_diamond_mine, basic_altar, serial_shops,
          nicolae_shop_tiny_statue_garden

Skill      XL: |  1  2  3  4  5  6  7  8  9 10 11 12 13 14 15 16 |
---------------+-------------------------------------------------+-----
Spellcasting   | 4 6 7 8 10 12 13 14 15 17 19 | 19.1
Fighting       | 3 4 7 9 12 13 14 15 | 15.7
Conjurations   | 6 7 10 12 | 12.9
Fire Magic     | 3 5 8 12 15 16 18 | 18.0
Dodging        | 5 6 |  6.0
Stealth        | 6 |  6.0

Action                     |  1- 3 |  4- 6 |  7- 9 | 10-12 | 13-15 | 16-18 || total
---------------------------+-------+-------+-------+-------+-------+-------++-------
  Melee: Unarmed           |     2 |       |     2 |       |       |       ||     4
         Staff             |       |       |       |    24 |    85 |     8 ||   117
         Punch             |       |       |       |       |       |     1 ||     1
   Cast: Magic Dart        |    89 |   145 |   254 |    94 |   181 |     1 ||   764
         Searing Ray       |       |     5 |    12 |       |       |       ||    17
         Iskenderun's Myst |       |       |    33 |    96 |    84 |    12 ||   225
         Fulminant Prism   |       |       |     7 |    19 |    16 |       ||    42
         Sticky Flame      |       |       |     4 |    48 |    44 |       ||    96
         Ignition          |       |       |       |     6 |   143 |   132 ||   281
         Iron Shot         |       |       |       |       |    73 |   100 ||   173
  Evoke: Wand              |       |       |       |       |     1 |     5 ||     6
    Use: Scroll            |       |     8 |       |    16 |    13 |     4 ||    41
         Potion            |       |       |       |     1 |     2 |     4 ||     7
 Armour: Robe              |     3 |     4 |    15 |    42 |    99 |    39 ||   202
  Dodge: Dodged            |    10 |    22 |    77 |    98 |   237 |   168 ||   612
